 Dungeon Crawl Stone Soup version 0.26-a0-491-g70697cc071 (webtiles) character file.

Game seed: 6234959407756414006

5 Gargoyl the Skirmisher (level 1, -3/23 HPs)
             Began as a Gnoll Abyssal Knight on Aug 5, 2020.
             Was a Follower of Lugonu.
             Slain by a small abomination (13 damage)
             ... on level 1 of the Abyss.
             The game lasted 00:01:11 (439 turns).

Gargoyl the Skirmisher (Gnoll Abyssal Knight)        Turns: 439, Time: 00:01:12

Health: -3/23      AC:  3    Str: 14    XL:     1   Next: 80%
Magic:  3/3        EV: 12    Int: 14    God:    Lugonu [*.....]
Gold:   15         SH:  0    Dex: 14    Spells: 0/0 levels left

rFire    . . .     SeeInvis .   a - +1 hand axe
rCold    . . .     Faith    .   (no shield)
rNeg     . . .     Spirit   .   b - +0 leather armour
rPois    .         Reflect  .   (no helmet)
rElec    .         Harm     .   (no cloak)
rCorr    .                      (no gloves)
MR       .....                  (no boots)
Stlth    +.........             (no amulet)
HPRegen  0.07/turn              (no ring)
MPRegen  0.08/turn              (no ring)

@: no status effects
A: distributed training, fangs 1, strong nose
a: Depart the Abyss, Renounce Religion


You were on level 1 of the Abyss.
You worshipped Lugonu.
Lugonu was aware of your devotion.
You visited 0 branches of the dungeon, and saw 0 of its levels.
You visited the Abyss 1 time.

You collected 15 gold pieces.

Inventory:

Hand Weapons
 a - a +1 hand axe (weapon)
Armour
 b - a +0 leather armour (worn)


   Skills:
 + Level 6.4 Fighting
 + Level 0.1 Short Blades
 + Level 0.1 Long Blades
 + Level 4.4 Axes
 + Level 0.1 Maces & Flails
 + Level 0.1 Polearms
 + Level 0.1 Staves
 + Level 0.1 Slings
 + Level 0.1 Bows
 + Level 0.1 Crossbows
 + Level 0.1 Throwing
 + Level 4.4 Armour
 + Level 2.4 Dodging
 + Level 0.1 Stealth
 + Level 0.1 Shields
 + Level 0.1 Unarmed Combat
 + Level 0.1 Spellcasting
 + Level 0.1 Conjurations
 + Level 0.1 Hexes
 + Level 0.1 Summonings
 + Level 0.1 Necromancy
 + Level 0.1 Translocations
 + Level 0.1 Transmutations
 + Level 0.1 Fire Magic
 + Level 0.1 Ice Magic
 + Level 0.1 Air Magic
 + Level 0.1 Earth Magic
 + Level 0.1 Poison Magic
 + Level 4.4 Invocations
 + Level 0.1 Evocations


You couldn't memorise any spells.
You didn't know any spells.
Your spell library was empty.

Dungeon Overview and Level Annotations

Branches:
Dungeon (0/15)

Altars:


Innate Abilities, Weirdness & Mutations

Your experience applies equally to all skills.
You have very sharp teeth.
Your uncanny sense of smell can sniff out nearby items.


Message History

Found 11 gold pieces.
A large abomination comes into view.
Found 7 sling bullets.
The large abomination hits you!
An earth elemental comes into view.
Unknown command. 2 small abominations come into view.
You are suddenly pulled into a different region of the Abyss!
Key pressed, stopping explore.
c - a scroll labeled APY IQOROUSMO You now have 15 gold pieces.
As you read the scroll labeled APY IQOROUSMO, it crumbles to dust.
It is a scroll of amnesia.
You feel forgetful for a moment.
A large abomination comes into view.
A large abomination is nearby!
The small abomination hits you! The small abomination hits you.
The small abomination hits you!
Ouch! That really hurt!
You die...

#### ###.#.## #
#.x#....#..
#@#..#...# . ##
###...#..#
..#...###.#....
...#..ยง......#..
#.....#.#.###
#...###...#
#.##...#....# #
#.#.#.. #.X#
#####.# ..# ##..


You could see a small abomination.

Vanquished Creatures
  An ufetubus (Abyss:1)
1 creature vanquished.

Notes
Turn   | Place    | Note
-------+----------+-------------------------------------------
     0 | Abyss:1  | Gargoyl the Gnoll Abyssal Knight began the quest for the
                  | Orb.
     0 | Abyss:1  | Reached XP level 1. HP: 23/23 MP: 3/3
    30 | Abyss:1  | Noticed an ancient zyme
    92 | Abyss:1  | Noticed a raiju
   188 | Abyss:1  | Noticed a bone dragon
   223 | Abyss:1  | Noticed a large abomination
   230 | Abyss:1  | Noticed an earth elemental
   244 | Abyss:1  | Noticed a small abomination
   244 | Abyss:1  | Noticed a small abomination
   431 | Abyss:1  | Noticed a large abomination
   433 | Abyss:1  | Noticed a small abomination
   439 | Abyss:1  | Slain by a small abomination

Illustrated notes

Levels and vault maps discovered:
Abyss:1:  hangedman_abyss_batty_box

Action                   || total
-------------------------++-------
Melee: Hand axe          ||     6
       Bite              ||     2
  Use: Scroll            ||     1
Armor: Leather armour    ||     1
Dodge: Dodged            ||    11

Table legend: (Time is in decaauts)
 A = Elapsed time spent in this place.
 B = Non-inter-level travel time spent in this place.
 C = Inter-level travel time spent in this place.
 D = Time resting spent in this place.
 E = Time spent auto-exploring this place.
 F = Levels seen in this place.
 G = Mean time per level.
                   A        B        C        D        E       F      G
               +--------+--------+--------+--------+--------+-----+--------+
         Total |    439 |    439 |      0 |      0 |    273 |   1 |  439.0 |
         Abyss |    439 |    439 |      0 |      0 |    273 |   1 |  439.0 |
               +--------+--------+--------+--------+--------+-----+--------+

Top non-repeatable levels by time:
 Abyss:1: 439 daAuts
